 Dungeon Crawl Stone Soup version 0.26-a0-966-gd078a86f14 (webtiles) character file.

Game seed: 6844297723473647181

93 pablito the Shield-Bearer (level 4, -1/37 HPs)
             Began as a Formicid Fighter on Dec 3, 2020.
             Slain by a gnoll
             ... wielding a +0 halberd
              (5 damage)
             ... on level 2 of the Dungeon.
             The game lasted 00:04:11 (1333 turns).

pablito the Shield-Bearer (Formicid Fighter)        Turns: 1333, Time: 00:04:11

Health: -1/37      AC:  7    Str: 21    XL:     4   Next: 92%
Magic:  4/4        EV:  6    Int:  8    God:
Gold:   99         SH: 14    Dex: 10    Spells: 3/3 levels left

rFire    . . .     SeeInvis +   a - +0 flail
rCold    . . .     Faith    .   f - +0 tower shield (curse)
rNeg     . . .     Spirit   .   b - +0 scale mail
rPois    .         Reflect  .   (helmet unavailable)
rElec    .         Harm     .   (no cloak)
rCorr    .         Rampage  .   (no gloves)
MR       .....                  (no boots)
Stlth    ..........             (no amulet)
HPRegen  0.12/turn              h - ring of wizardry
MPRegen  0.09/turn              j - ring of see invisible

@: no status effects
A: permanent stasis, dig shafts and tunnels, four strong arms, antennae 3
a: Dig, Shaft Self


You were on level 2 of the Dungeon.
You visited 1 branch of the dungeon, and saw 2 of its levels.

You collected 99 gold pieces.

Inventory:

Hand Weapons
 a - a +0 flail (weapon)
Missiles
 k - 6 poisoned darts
Armour
 b - a +0 scale mail (worn)
 c - a +0 kite shield
 f - a cursed +0 tower shield (worn)
Jewellery
 h - a ring of wizardry (left hand)
 j - a ring of see invisible (right hand)
Scrolls
 e - a scroll of immolation {unknown}
 g - a scroll of enchant armour {unknown}
 i - a scroll of remove curse {unknown}
Potions
 d - a potion of might


   Skills:
 + Level 4.0 Fighting
 + Level 2.8 Maces & Flails
 + Level 4.0 Armour
 + Level 4.4 Shields


You had 3 spell levels left.
You didn't know any spells.
Your spell library was empty.

Dungeon Overview and Level Annotations

Branches:
Dungeon (2/15)

Altars:
Cheibriados


Innate Abilities, Weirdness & Mutations

You cannot be hasted, slowed, berserked, paralysed or teleported.
You can dig through walls and to a lower floor.
Your four strong arms can wield two-handed weapons with a shield.
You have a pair of large antennae on your head. (SInv)


Message History

Your Fighting skill increases to level 4!
You block the gnoll's attack.
Items here: $ ) ††.
Your shield prevents you from hitting the gnoll.
You block the gnoll's attack.
You barely miss the gnoll.
You feel sick.
You are no longer poisoned.
You block the gnoll's attack.
You hit the gnoll.
The gnoll is lightly wounded.
You block the gnoll's attack.
You thump the gnoll!
The gnoll is almost dead.
The gnoll hits you with a +0 halberd!
* * * LOW HITPOINT WARNING * * *
You barely miss the gnoll.
The gnoll is almost dead.
The gnoll barely misses you. You block the bat's attack.
The gnoll hits you with a +0 halberd.
You die...

#........... #.†# #.
#..#######. #..# #.
#..######...........#
#.
###............#..###.#
#. #.....#####.#.##...
#. #.###.# #.## .... #.
#.# #># #.# ......
#†###.# #†# ......
#.....# ###@##.......
#.####.######..gb.....$
#................#.#.>.
######.###.........#
#.###.##.........
#.##...#.######$.
#.##...#.# . #.##...#.#
#.##.###.#


You could see a gnoll and a bat.

Vanquished Creatures
  4 gnolls
  2 adders (D:2)
  A dart slug (D:1)
  A leopard gecko (D:2)
  A ball python (D:2)
  6 bats
  2 giant cockroaches
  4 goblins
  4 hobgoblins
  6 kobolds
  2 quokkas (D:2)
  A frilled lizard (D:2)
  2 rats
36 creatures vanquished.

Notes
Turn   | Place    | Note
-------+----------+-------------------------------------------
     0 | D:1      | pablito the Formicid Fighter began the quest for the Orb.
     0 | D:1      | Reached XP level 1. HP: 18/18 MP: 1/1
   227 | D:1      | Reached XP level 2. HP: 24/24 MP: 2/2
   440 | D:1      | Reached XP level 3. HP: 23/29 MP: 3/3
   740 | D:2      | Found a snail-covered altar of Cheibriados.
  1127 | D:2      | Reached XP level 4. HP: 35/37 MP: 4/4
  1333 | D:2      | Slain by a gnoll

Illustrated notes

Levels and vault maps discovered:
D:1:      erik_arrival_triangle_large, layout_loops_ring, glass_columns_c,
          minmay_parallelograms
D:2:      layout_loops_ring, marbit_many_paths, cheibriados_altar_1

Skill      XL: |  1  2  3  4 |
---------------+-------------+-----
Shields        | 4 |  4.4
Armour         | 4 |  4.0
Fighting       | 4 |  4.0
Maces & Flails | |  2.8

Action                   |  1- 3 |  4- 6 || total
-------------------------+-------+-------++-------
Melee: Flail             |    80 |    45 ||   125
Armor: Scale mail        |    32 |    19 ||    51
Dodge: Dodged            |    11 |     8 ||    19
Block: Tower shield      |    66 |    55 ||   121

Table legend: (Time is in decaauts)
 A = Elapsed time spent in this place.
 B = Non-inter-level travel time spent in this place.
 C = Inter-level travel time spent in this place.
 D = Time resting spent in this place.
 E = Time spent auto-exploring this place.
 F = Levels seen in this place.
 G = Mean time per level.
                   A        B        C        D        E       F      G
               +--------+--------+--------+--------+--------+-----+--------+
         Total |   1380 |   1357 |     23 |      0 |   1000 |   2 |  690.0 |
       Dungeon |   1380 |   1357 |     23 |      0 |   1000 |   2 |  690.0 |
               +--------+--------+--------+--------+--------+-----+--------+

Top non-repeatable levels by time:
     D:1: 751 daAuts
     D:2: 629 daAuts
